 Dungeon Crawl Stone Soup version 0.29.0-4-gdea44cf6ec (webtiles) character file.

Game seed: 9054959669458054857

500 qw the Chopper (level 7, -1/41 HPs)
             Began as a Tengu Warper on Aug 28, 2022.
             Was a Follower of Okawaru.
             Slain by a wyvern (4 damage)
             ... on level 5 of the Dungeon.
             The game lasted 00:00:32 (5360 turns).

qw the Chopper (Tengu Warper)                       Turns: 5360, Time: 00:00:33

Health: -1/41      AC: 15    Str: 13    XL:     7   Next: 16%
Magic:  9/11       EV:  7    Int: 14    God:    Okawaru [*.....]
Gold:   227        SH:  0    Dex: 13    Spells: 10/10 levels left

rFire   . . .      SeeInvis .   Y - +0 war axe
rCold   . . .      Faith    .   (no shield)
rNeg    . . .      Spirit   .   c - +0 plate armour
rPois   .          Reflect  .   (helmet restricted)
rElec   .          Harm     .   (no cloak)
rCorr   .          Rampage  .   j - +0 pair of gloves
Will    .....                   (boots unavailable)
Stlth   ..........              f - amulet of the acrobat
HPRegen 0.13/turn               (no ring)
MPRegen 0.12/turn               (no ring)

@: heroic, flying quickly and evasively, quick
A: beak, talons 3, nimble flight
a: Renounce Religion, Heroism


You were on level 5 of the Dungeon.
You worshipped Okawaru.
Okawaru was aware of your devotion.
You visited 2 branches of the dungeon, and saw 6 of its levels.

You collected 227 gold pieces.


Innate Abilities, Weirdness & Mutations

You have a beak for a mouth.
You have claws for feet.
Your magical nature lets you fly swiftly and evasively.


   Skills:
 - Level 3.3(8.3) Fighting
 + Level 7.0(12.0) Axes
 - Level 1.0(6.0) Throwing
 - Level 3.1(8.1) Armour
 - Level 2.1(7.1) Dodging
 - Level 2.0 Spellcasting
 - Level 2.4 Translocations
 + Level 0.0 Invocations


You had 10 spell levels left.
You didn't know any spells.
Your spell library contained the following spells:

 Spells                   Type           Power      Damage    Failure   Level
 Blink                    Tloc           16%        N/A       100%        2
 Gell's Gravitas          Tloc           8%         N/A       100%        3
 Lesser Beckoning         Tloc           8%         N/A       100%        3
 Teleport Other           Tloc           8%         N/A       100%        3
 Manifold Assault         Tloc           8%         N/A       100%        5

Inventory:

Hand Weapons
 a - a +0 flail
 Y - a +0 war axe (weapon)
Missiles
 d - a boomerang (quivered)
Armour
 c - a +0 plate armour (worn)
 j - a +0 pair of gloves (worn)
Jewellery
 f - an amulet of the acrobat (around neck)
Scrolls
 e - a scroll of identify {unknown}
Potions
 b - 3 potions of curing
 g - a potion of mutation {unknown}
 h - a potion of haste {unknown}
 i - a potion of flight {unknown}
 k - a potion of experience {unknown}
 l - a potion of berserk rage {unknown}
 n - a potion of magic {unknown}

Dungeon Overview and Level Annotations

Branches:
Dungeon (5/15)             Temple (1/1) D:4

Altars:
Ashenzari
Cheibriados
Dithmenos
Elyvilon
Gozag
Hepliaklqana
Makhleb
Nemelex Xobeh
Okawaru
Qazlal
Ru
Sif Muna
Trog
Uskayaw
Vehumet
Wu Jian
Yredelemnul
Zin
The Shining One

Shops:
D:5 [

Annotations:
D:5 2 transporters, qw's ghost, novice TeWr


Message History

The wyvern bites you.
The wyvern bites you but does no damage.
You hit the wyvern. You claw the wyvern. You peck the wyvern.
The wyvern is moderately wounded.
The wyvern completely misses you. The wyvern bites you.
You barely miss the wyvern. You claw the wyvern.
The wyvern is moderately wounded.
The wyvern bites you but does no damage.
You hit the wyvern but do no damage. Your punch misses the wyvern.
The wyvern is moderately wounded.
The wyvern bites you! x2
5353 ||| INVOKING Heroism.
You gain the combat prowess of a mighty hero.
The wyvern bites you.
You hit the wyvern but do no damage. You claw the wyvern, but do no damage.
You peck the wyvern, but do no damage.
The wyvern is moderately wounded.
The wyvern closely misses you. The wyvern barely misses you.
You barely miss the wyvern. Your kick misses the wyvern.
Your peck misses the wyvern.
The wyvern is moderately wounded.
The wyvern bites you but does no damage.
You barely miss the wyvern. You claw the wyvern, but do no damage.
The wyvern is moderately wounded.
The wyvern barely misses you.
You hit the wyvern but do no damage. Your kick misses the wyvern.
The wyvern is moderately wounded.
The wyvern bites you but does no damage. x2
You closely miss the wyvern. Your peck misses the wyvern.
The wyvern is moderately wounded.
The wyvern bites you!
You hit the wyvern. You punch the wyvern, but do no damage.
The wyvern is heavily wounded.
The wyvern barely misses you.
The wyvern bites you but does no damage.
You slash the wyvern! You claw the wyvern, but do no damage.
You peck the wyvern.
The wyvern is severely wounded.
The wyvern bites you.
You die...

...........##
............#
............##
#............####
#...........[...##
###
..%...........#..#
....
..#.........###.##
..}..
.###.......##
#.##...... ##
#.....###
#.@l.}...} #
##.#### ####...?..
### ..}.. .... ###
# .# ..# #..#


You could see a wyvern.

Vanquished Creatures
  A water moccasin (D:5)
  A phantom (D:5)
  2 hounds (D:4)
  3 orc wizards
  6 adders
  A white imp (D:5)
  3 worms
  21 orcs
  8 endoplasms
  4 giant cockroaches
  4 goblins
  6 hobgoblins
  10 jackals
  A kobold (D:4)
  6 quokkas
  4 ball pythons
  6 bats
  2 frilled lizards
  5 rats
94 creatures vanquished.

Notes
Turn   | Place    | Note
-------+----------+-------------------------------------------
     0 | D:1      | qw the Tengu Warper began the quest for the Orb.
     0 | D:1      | Reached XP level 1. HP: 12/12 MP: 4/4
     0 | D:1      | 0 ||| qw: Version: 0.1-a-89-g26bdef1
     0 | D:1      | 0 ||| qw: Game counter: 276
     0 | D:1      | 0 ||| qw: Always use a shield: true
     0 | D:1      | 0 ||| qw: God list: Okawaru
     0 | D:1      | 0 ||| qw: Allow faded altars: false
     0 | D:1      | 0 ||| qw: Do Orc after D:15 true
     0 | D:1      | 0 ||| qw: Do second Lair branch before Depths: true
     0 | D:1      | 0 ||| qw: Lair rune preference: random
     0 | D:1      | 0 ||| qw: Plans: Normal
     0 | D:1      | 0 ||| PLANNING D:1-11
    45 | D:1      | 45 ||| Stepping ~*~*~tactically~*~*~ (stealth).
    51 | D:1      | 51 ||| Stepping ~*~*~tactically~*~*~ (stealth).
    54 | D:1      | 54 ||| Stepping ~*~*~tactically~*~*~ (stealth).
    84 | D:1      | Reached skill level 3 in Axes
    84 | D:1      | Reached XP level 2. HP: 17/17 MP: 6/6
   454 | D:1      | Found a faded altar of an unknown god.
   880 | D:1      | 880 ||| UPGRADING to +0 scale mail.
   890 | D:1      | 890 ||| DROPPING +0 leather armour.
   891 | D:1      | 891 ||| READING scroll labelled KASUNITTE.
   892 | D:1      | 892 ||| READING scroll labelled SIAKKIO ALET.
   912 | D:1      | 912 ||| READING 3 scrolls labelled OTZUTY QOXO.
   913 | D:1      | 913 ||| DROPPING scroll of blinking.
   914 | D:1      | 914 ||| DROPPING 2 scrolls of immolation.
   915 | D:1      | 915 ||| Stepping randomly (stuck).
   916 | D:1      | 916 ||| Stepping randomly (stuck).
  1319 | D:2      | Reached XP level 3. HP: 21/21 MP: 7/7
  1353 | D:2      | 1353 ||| Stepping ~*~*~tactically~*~*~ (stealth).
  1463 | D:2      | Reached skill level 4 in Axes
  1569 | D:2      | 1569 ||| Stepping ~*~*~tactically~*~*~ (stealth).
  1571 | D:2      | 1571 ||| Stepping ~*~*~tactically~*~*~ (stealth).
  1825 | D:2      | 1825 ||| UPGRADING to +0 plate armour.
  1835 | D:2      | 1835 ||| DROPPING +0 scale mail.
  1836 | D:2      | 1836 ||| UPGRADING to amulet of the acrobat.
  1841 | D:2      | 1841 ||| READING 2 scrolls labelled JINENIUJAM.
  1842 | D:2      | 1842 ||| READING scroll labelled WEUNOTA IQ IPT.
  1843 | D:2      | 1843 ||| DROPPING scroll of magic mapping.
  1920 | D:3      | 1920 ||| Stepping ~*~*~tactically~*~*~ (stealth).
  1921 | D:3      | 1921 ||| Stepping ~*~*~tactically~*~*~ (stealth).
  1927 | D:3      | 1927 ||| Stepping ~*~*~tactically~*~*~ (stealth).
  1928 | D:3      | 1928 ||| Stepping ~*~*~tactically~*~*~ (stealth).
  1941 | D:3      | Reached XP level 4. HP: 13/26 MP: 8/8
  2104 | D:3      | 2104 ||| DROPPING +0 club.
  2107 | D:3      | 2107 ||| DROPPING +0 whip.
  2137 | D:3      | 2137 ||| Stepping ~*~*~tactically~*~*~ (stealth).
  2218 | D:3      | 2218 ||| Stepping ~*~*~tactically~*~*~ (stealth).
  2219 | D:3      | 2219 ||| Stepping ~*~*~tactically~*~*~ (stealth).
  2220 | D:3      | 2220 ||| Stepping ~*~*~tactically~*~*~ (stealth).
  2248 | D:3      | 2248 ||| Stepping ~*~*~tactically~*~*~ (stealth).
  2249 | D:3      | 2249 ||| Stepping ~*~*~tactically~*~*~ (stealth).
  2251 | D:3      | 2251 ||| Stepping ~*~*~tactically~*~*~ (stealth).
  2699 | D:3      | 2699 ||| UPGRADING to +0 pair of gloves.
  2704 | D:3      | 2704 ||| READING scroll labelled RISABLA JIYNTI.
  2709 | D:3      | 2709 ||| READING scroll labelled ELARIT JAIRCH.
  2710 | D:3      | 2710 ||| READING scroll labelled BIAWIPIOSS.
  2711 | D:3      | 2711 ||| READING 2 scrolls labelled LIRI GITESOWNIT.
  2712 | D:3      | 2712 ||| DRINKING 3 golden potions.
  2713 | D:3      | 2713 ||| DROPPING scroll of fear.
  2737 | D:4      | 2737 ||| Stepping ~*~*~tactically~*~*~ (stealth).
  2801 | D:4      | 2801 ||| FLEEEEING.
  2802 | D:4      | 2802 ||| FLEEEEING.
  2803 | D:4      | 2803 ||| FLEEEEING.
  2804 | D:4      | 2804 ||| FLEEEEING.
  2825 | D:4      | Reached skill level 5 in Axes
  2825 | D:4      | Gained mutation: Your magical nature lets you fly swiftly
                  | and evasively. [Tengu growth]
  2825 | D:4      | Reached XP level 5. HP: 14/30 MP: 9/9
  3002 | D:4      | 3002 ||| Stepping ~*~*~tactically~*~*~ (stealth).
  3044 | D:4      | 3044 ||| Stepping ~*~*~tactically~*~*~ (stealth).
  3194 | D:4      | 3194 ||| SWAPPING to +0 war axe.
  3195 | D:4      | 3195 ||| DROPPING +1 hand axe.
  3198 | D:4      | Found a staircase to the Ecumenical Temple.
  3199 | D:4      | 3199 ||| PLANNING TEMPLE
  3199 | D:4      | 3199 ||| READING scroll labelled RIQIUFF MICKOKK.
  3268 | Temple   | Entered the Ecumenical Temple
  3349 | Temple   | Became a worshipper of Warmaster Okawaru
  3440 | Temple   | 3440 ||| PLANNING D:1-11
  3578 | D:4      | 3578 ||| Stepping ~*~*~tactically~*~*~ (stealth).
  3621 | D:4      | Found an ornate altar of the Wu Jian Council.
  3836 | D:4      | 3836 ||| Stepping ~*~*~tactically~*~*~ (stealth).
  4055 | D:4      | Reached skill level 6 in Axes
  4364 | D:4      | 4364 ||| READING scroll labelled VEKHOR DIDOL.
  4365 | D:4      | 4365 ||| READING scroll of teleportation.
  4384 | D:5      | Entered Level 5 of the Dungeon
  4395 | D:5      | 4395 ||| STAIRDANCE
  4445 | D:5      | Noticed qw's ghost (novice TeWr)
  4447 | D:5      | Found a transporter.
  4452 | D:5      | Found a transporter.
  4474 | D:5      | 4474 ||| Stepping ~*~*~tactically~*~*~ (hiding).
  4478 | D:5      | 4478 ||| FLEEEEING.
  4479 | D:5      | 4479 ||| FLEEEEING.
  4480 | D:5      | 4480 ||| FLEEEEING.
  4481 | D:5      | 4481 ||| STAIRDANCE
  4538 | D:5      | 4538 ||| STAIRDANCE
  4544 | D:4      | Reached skill level 3 in Armour
  4544 | D:4      | Reached XP level 6. HP: 35/35 MP: 10/10
  4549 | D:5      | 4549 ||| STAIRDANCE
  4581 | D:5      | 4581 ||| Stepping ~*~*~tactically~*~*~ (hiding).
  4584 | D:5      | 4584 ||| STAIRDANCE
  4623 | D:5      | 4623 ||| STAIRDANCE
  4688 | D:5      | 4688 ||| Stepping ~*~*~tactically~*~*~ (stealth).
  4689 | D:5      | 4689 ||| Stepping ~*~*~tactically~*~*~ (stealth).
  4689 | D:5      | Found Viusorhu's Antique Armour Boutique.
  4700 | D:5      | 4700 ||| Stepping ~*~*~tactically~*~*~ (stealth).
  4718 | D:5      | Found a hide-covered altar of Uskayaw.
  4718 | D:5      | Found a white marble altar of Elyvilon.
  4905 | D:5      | Reached skill level 7 in Axes
  5085 | D:5      | Noticed a water moccasin
  5095 | D:5      | Killed a water moccasin
  5095 | D:5      | Reached * piety under Okawaru
  5096 | D:5      | Reached skill level 3 in Fighting
  5096 | D:5      | Reached XP level 7. HP: 18/41 MP: 11/11
  5344 | D:5      | Noticed a wyvern
  5353 | D:5      | 5353 ||| INVOKING Heroism.
  5358 | D:5      | HP: 3/41 [wyvern (12)]
  5360 | D:5      | Slain by a wyvern

Levels and vault maps discovered:
D:1:      psy_arrival_radial02, layout_basic, shapermc_ecumenical_altar_venn,
          serial_curves, eino_curves_02, eino_curves_02, hangedman_glass_teeth,
          kennysheep_nondescript
D:2:      layout_basic
D:3:      kennysheep_big_flooded_room, layout_rooms
D:4:      layout_basic, mainiacjoe_overflow_catwalk, temple_doors_e
D:5:      layout_cave_pods, gammafunk_temple_overflow_forgotten, serial_shops,
          nicolae_take_the_stairs, gammafunk_ghost_hive,
          kennysheep_generic_room_10
Temple:   nicolae_temple_slightly_damp_pantheon

Skill      XL: |  1  2  3  4  5  6 |
---------------+-------------------+-----
Axes           | 3 4 5 6 7 |  7.0
Armour         | 2 3 |  3.1
Fighting       | 3 |  3.3
Throwing       | |  1.0
Dodging        | |  2.1
Spellcasting   | |  2.0
Translocations | |  2.4

Action                   |  1- 3 |  4- 6 |  7- 9 || total
-------------------------+-------+-------+-------++-------
Melee: Hand axe          |    85 |    64 |       ||   149
       Kick              |    20 |    36 |     5 ||    61
       Peck              |    20 |    27 |     5 ||    52
       Punch             |     1 |     1 |     1 ||     3
       War axe           |       |   104 |    13 ||   117
Throw: Boomerang         |     7 |    12 |     1 ||    20
Invok: Heroism           |       |       |     1 ||     1
  Use: Scroll            |     5 |     7 |       ||    12
       Potion            |       |     1 |       ||     1
Armor: Leather armour    |     6 |       |       ||     6
       Scale mail        |    14 |       |       ||    14
       Plate armour      |    10 |    99 |     8 ||   117
Dodge: Dodged            |    35 |    49 |     7 ||    91

Table legend:
 A = Non-vault XP
 B = Vault XP
 C = Vault XP percentage of total XP
 D = Non-vault monster count
 E = Vault monster count
 F = Vault count percentage of total count
                 A         B        C        D         E       F
            +---------+---------+-------+---------+---------+-------
      Total |     712 |       3 |   0.4 |      92 |       2 |   2.1
            +---------+---------+-------+---------+---------+-------
        D:1 |      32 |       0 |   0.0 |      18 |       0 |   0.0
        D:2 |      32 |       0 |   0.0 |      11 |       0 |   0.0
        D:3 |      63 |       3 |   4.5 |      17 |       2 |  10.5
        D:4 |     237 |       0 |   0.0 |      30 |       0 |   0.0
        D:5 |     348 |       0 |   0.0 |      16 |       0 |   0.0
            +---------+---------+-------+---------+---------+-------
